% Time on Ice - KANSAS CITY KILLERBEES
Lines # - Real PCT - Wanted PCT - Time Play
Normal Forward
1 - 31% - 31% - 13:49
2 - 34% - 31% - 14:49
3 - 29% - 30% - 12:45
4 - 6% - 8% - 2:48
Normal Defense
1 - 35% - 36% - 15:41
2 - 34% - 35% - 15:03
3 - 30% - 28% - 13:27
4 - 0% - 1% - 0:00
PP Forward
1 - 56% - 55% - 5:32
2 - 44% - 45% - 4:20
PP Defense
1 - 49% - 50% - 4:49
2 - 51% - 50% - 5:03
PK Forward
1 - 72% - 55% - 4:18
2 - 28% - 45% - 1:39
PK Defense
1 - 42% - 50% - 2:31
2 - 58% - 50% - 3:26
PK3 Forward
1 - 0% - 55%
2 - 0% - 45%
PK3 Defense
1 - 0% - 50%
2 - 0% - 50%
44 Forward
1 - 100% - 55% - 0:14
2 - 0% - 45% - 0:00
44 Defense
1 - 100% - 50% - 0:14
2 - 0% - 50% - 0:00
Last Minute Offensive  - 0:00
Last Minute Defensive  - 0:00
Total
Forward - 60:14
Defense - 60:14
% Time on Ice - KELOWNA ROCKETS
Lines # - Real PCT - Wanted PCT - Time Play
Normal Forward
1 - 34% - 36% - 14:49
2 - 29% - 34% - 12:43
3 - 25% - 30% - 10:53
4 - 13% - 0% - 5:46
Normal Defense
1 - 32% - 34% - 14:17
2 - 34% - 33% - 15:03
3 - 33% - 33% - 14:23
4 - 1% - 0% - 0:28
PP Forward
1 - 49% - 75% - 2:56
2 - 51% - 25% - 3:01
PP Defense
1 - 57% - 75% - 3:23
2 - 43% - 25% - 2:34
PK Forward
1 - 65% - 55% - 6:23
2 - 35% - 45% - 3:29
PK Defense
1 - 56% - 55% - 5:30
2 - 44% - 45% - 4:22
PK3 Forward
1 - 100% - 55% - 0:14
2 - 0% - 45% - 0:00
PK3 Defense
1 - 36% - 55% - 0:05
2 - 64% - 45% - 0:09
44 Forward
1 - 0% - 50%
2 - 0% - 50%
44 Defense
1 - 0% - 50%
2 - 0% - 50%
Last Minute Offensive  - 0:00
Last Minute Defensive  - 0:00
Total
Forward - 60:14
Defense - 60:14
Play-by-Play 1st period 0:01 of 1st period - Evgeny Kuznetsov wins face-off versus Sean Couturier in neutral zone. 0:08 of 1st period - Shot by Alexander Ovechkin. 0:08 of 1st period - Shot Misses the Net. 0:18 of 1st period - Shot by Mark Stone. 0:18 of 1st period - Stopped by Tuukka Rask with a rebound. 0:19 of 1st period - Minor Penalty to Drew Doughty for Hooking. 0:20 of 1st period - Auston Matthews wins face-off versus Paul Stastny in KELOWNA ROCKETS zone. 0:28 of 1st period - Icing by Hampus Lindholm. 0:29 of 1st period - Paul Stastny wins face-off versus Anthony Cirelli in KANSAS CITY KILLERBEES zone. 0:56 of 1st period - Shot by William Nylander. 0:56 of 1st period - Stopped by Tuukka Rask without a rebound. 0:57 of 1st period - Auston Matthews wins face-off versus Sean Couturier in KELOWNA ROCKETS zone. 1:08 of 1st period - Shot by Mark Stone. 1:08 of 1st period - Stopped by Tuukka Rask with a rebound. 1:10 of 1st period - Shot by Mark Stone. 1:10 of 1st period - Goal by Mark Stone - KANSAS CITY KILLERBEES : 1 - KELOWNA ROCKETS : 0. 1:11 of 1st period - Paul Stastny wins face-off versus Auston Matthews in neutral zone. 1:43 of 1st period - Icing by Paul Stastny. 1:44 of 1st period - Paul Stastny wins face-off versus Anthony Cirelli in KANSAS CITY KILLERBEES zone. 2:05 of 1st period - Shot by Paul Stastny. 2:05 of 1st period - Stopped by Tuukka Rask without a rebound. 2:06 of 1st period - Charlie Coyle wins face-off versus Evgeny Kuznetsov in KELOWNA ROCKETS zone. 2:27 of 1st period - Shot by Charlie Coyle. 2:27 of 1st period - Stopped by Tuukka Rask without a rebound. 2:28 of 1st period - Nick Bjugstad wins face-off versus Mark Stone in KELOWNA ROCKETS zone. 2:28 of 1st period - Nick Bjugstad is hit by Alexander DeBrincat. 2:36 of 1st period - Shot by Nick Bjugstad. 2:36 of 1st period - Shot Misses the Net. 2:39 of 1st period - Icing by Jacob Muzzin. 2:40 of 1st period - Sean Couturier wins face-off versus Tyler Bertuzzi in KANSAS CITY KILLERBEES zone. 2:40 of 1st period - Sean Couturier is hit by Auston Matthews. 2:47 of 1st period - Off-side. 2:48 of 1st period - Charlie Coyle wins face-off versus Evgeny Kuznetsov in neutral zone. 3:17 of 1st period - Shot by Artturi Lehkonen. 3:17 of 1st period - Deflect By Charlie Coyle. 3:17 of 1st period - Stopped by Tuukka Rask without a rebound. 3:18 of 1st period - Sean Couturier wins face-off versus Auston Matthews in KELOWNA ROCKETS zone. 3:37 of 1st period - Shot by Mark Stone. 3:37 of 1st period - Stopped by Tuukka Rask without a rebound. 3:38 of 1st period - Paul Stastny wins face-off versus Nick Bjugstad in KELOWNA ROCKETS zone. 3:57 of 1st period - Off-side. 3:58 of 1st period - Charlie Coyle wins face-off versus Auston Matthews in neutral zone. 4:01 of 1st period - Auston Matthews is hit by Charlie Coyle. 4:13 of 1st period - Shot by Drew Doughty. 4:13 of 1st period - Shot Misses the Net. 4:15 of 1st period - Shot by Auston Matthews. 4:15 of 1st period - Stopped by John Gibson with a rebound. 4:17 of 1st period - Shot by Auston Matthews. 4:17 of 1st period - Stopped by John Gibson without a rebound. 4:18 of 1st period - Mark Stone wins face-off versus Anthony Cirelli in KANSAS CITY KILLERBEES zone. 4:30 of 1st period - Icing by Chris Tanev. 4:31 of 1st period - Anthony Cirelli wins face-off versus Ryan Kesler in KELOWNA ROCKETS zone. 5:16 of 1st period - Cam Fowler is hit by Nick Bjugstad and loses puck. 5:34 of 1st period - Shot by Sean Couturier. 5:34 of 1st period - Shot Misses the Net. 5:36 of 1st period - Shot by Sean Couturier. 5:36 of 1st period - Shot Misses the Net. 5:42 of 1st period - Shot by Sean Couturier. 5:42 of 1st period - Shot Misses the Net. 5:44 of 1st period - Shot by Sean Couturier. 5:44 of 1st period - Stopped by Tuukka Rask with a rebound. 6:17 of 1st period - Icing by Mark Stone. 6:18 of 1st period - Sean Couturier wins face-off versus Evgeny Kuznetsov in KANSAS CITY KILLERBEES zone. 6:23 of 1st period - Dmitri Orlov is hit by Alexander DeBrincat and loses puck. 7:11 of 1st period - Shot by William Nylander. 7:11 of 1st period - Stopped by Tuukka Rask without a rebound. 7:12 of 1st period - Charlie Coyle wins face-off versus Auston Matthews in KELOWNA ROCKETS zone. 8:31 of 1st period - Dmitri Orlov is hit by Jacob Muzzin and loses puck. 9:03 of 1st period - Icing by Jacob Muzzin. 9:04 of 1st period - Sean Couturier wins face-off versus Vladimir Tarasenko in KANSAS CITY KILLERBEES zone. 9:47 of 1st period - Shot by Paul Stastny. 9:47 of 1st period - Stopped by Tuukka Rask without a rebound. 9:48 of 1st period - Auston Matthews wins face-off versus Tyler Ennis in KELOWNA ROCKETS zone. 9:48 of 1st period - Auston Matthews is hit by Ryan Kesler. 10:00 of 1st period - Shot by Tyler Bertuzzi. 10:00 of 1st period - Deflect By Auston Matthews. 10:00 of 1st period - Shot Misses the Net. 10:02 of 1st period - Shot by Adam Fox. 10:02 of 1st period - Shot Blocked by Ryan Kesler. 10:04 of 1st period - Shot by Auston Matthews. 10:04 of 1st period - Stopped by John Gibson with a rebound. 10:06 of 1st period - Shot by Drew Doughty. 10:06 of 1st period - Stopped by John Gibson without a rebound. 10:07 of 1st period - Anthony Cirelli wins face-off versus Paul Stastny in KANSAS CITY KILLERBEES zone. 10:32 of 1st period - Shot by Marcus Foligno. 10:32 of 1st period - Stopped by Tuukka Rask without a rebound. 10:33 of 1st period - Charlie Coyle wins face-off versus Auston Matthews in KELOWNA ROCKETS zone. 11:05 of 1st period - Icing by Auston Matthews. 11:06 of 1st period - Paul Stastny wins face-off versus Auston Matthews in KELOWNA ROCKETS zone. 11:25 of 1st period - Shot by Paul Stastny. 11:25 of 1st period - Shot Misses the Net. 12:03 of 1st period - Shot by Vladimir Tarasenko. 12:03 of 1st period - Stopped by John Gibson without a rebound. 12:04 of 1st period - Charlie Coyle wins face-off versus Anthony Cirelli in KANSAS CITY KILLERBEES zone. 12:04 of 1st period - Charlie Coyle is hit by Nick Bjugstad. 12:21 of 1st period - Anthony Cirelli is hit by Dylan DeMelo and loses puck. 12:28 of 1st period - Shot by Tyler Ennis. 12:28 of 1st period - Shot Misses the Net. 12:33 of 1st period - Artturi Lehkonen is hit by Dmitri Orlov and loses puck. 12:41 of 1st period - Charlie Coyle is hit by Dmitri Orlov and loses puck. 13:13 of 1st period - Alexander DeBrincat is hit by Jonas Siegenthaler and loses puck. 13:16 of 1st period - Shot by Sean Couturier. 13:16 of 1st period - Shot Misses the Net. 13:18 of 1st period - Shot by Jacob Muzzin. 13:18 of 1st period - Stopped by Tuukka Rask with a rebound. 13:23 of 1st period - Sean Couturier is hit by Dmitri Orlov and loses puck. 13:34 of 1st period - Shot by Mark Stone. 13:34 of 1st period - Shot Misses the Net. 13:36 of 1st period - Shot by Hampus Lindholm. 13:36 of 1st period - Stopped by Tuukka Rask with a rebound. 14:49 of 1st period - Shot by Tyler Ennis. 14:49 of 1st period - Shot Misses the Net. 15:04 of 1st period - Icing by Cam Fowler. 15:05 of 1st period - Auston Matthews wins face-off versus Charlie Coyle in KANSAS CITY KILLERBEES zone. 15:29 of 1st period - Shot by Auston Matthews. 15:29 of 1st period - Shot Misses the Net. 15:33 of 1st period - Shot by Auston Matthews. 15:33 of 1st period - Shot Hit the Post. 15:35 of 1st period - Shot by Auston Matthews. 15:35 of 1st period - Shot Misses the Net. 15:37 of 1st period - Shot by Auston Matthews. 15:37 of 1st period - Shot Misses the Net. 15:39 of 1st period - Shot by Chris Tanev. 15:39 of 1st period - Shot Misses the Net. 15:41 of 1st period - Shot by Auston Matthews. 15:41 of 1st period - Shot Misses the Net. 15:43 of 1st period - Shot by Pavel Buchnevich. 15:43 of 1st period - Stopped by John Gibson with a rebound. 15:45 of 1st period - Shot by Auston Matthews. 15:45 of 1st period - Goal by Auston Matthews - KANSAS CITY KILLERBEES : 1 - KELOWNA ROCKETS : 1. 15:46 of 1st period - Colby Cave wins face-off versus Sean Couturier in neutral zone. 15:51 of 1st period - Shot by Joakim Nordstrom. 15:51 of 1st period - Shot Misses the Net. 15:56 of 1st period - Mark Stone is hit by Colby Cave and loses puck. 16:19 of 1st period - Sean Couturier is hit by Adam Fox and loses puck. 16:29 of 1st period - Mark Stone is hit by Drew Doughty and loses puck. 16:35 of 1st period - Alexander DeBrincat is hit by Adam Fox and loses puck. 17:10 of 1st period - Icing by Vladimir Tarasenko. 17:11 of 1st period - Tyler Ennis wins face-off versus Evgeny Kuznetsov in KELOWNA ROCKETS zone. 17:38 of 1st period - Shot by Vladimir Tarasenko. 17:38 of 1st period - Shot Misses the Net. 17:40 of 1st period - Shot by Chris Tanev. 17:40 of 1st period - Stopped by John Gibson without a rebound. 17:41 of 1st period - Tyler Bertuzzi wins face-off versus Paul Stastny in KANSAS CITY KILLERBEES zone. 18:37 of 1st period - Shot by Sean Couturier. 18:37 of 1st period - Stopped by Tuukka Rask without a rebound. 18:38 of 1st period - Alexander Ovechkin wins face-off versus Charlie Coyle in KELOWNA ROCKETS zone. 18:51 of 1st period - Shot by Charlie Coyle. 18:51 of 1st period - Shot Misses the Net. 19:03 of 1st period - Shot by Charlie Coyle. 19:03 of 1st period - Shot Misses the Net. 19:21 of 1st period - Shot by Tyler Ennis. 19:21 of 1st period - Stopped by Tuukka Rask without a rebound. 19:22 of 1st period - Sean Couturier wins face-off versus Anthony Cirelli in KELOWNA ROCKETS zone. 19:47 of 1st period - Shot by Alexander DeBrincat. 19:47 of 1st period - Shot Blocked by Adam Fox. Goals for this period are 1 for KANSAS CITY KILLERBEES vs 1 for KELOWNA ROCKETS. Shots for this period are 16 for KANSAS CITY KILLERBEES vs 8 for KELOWNA ROCKETS. 2nd period 0:01 of 2nd period - Evgeny Kuznetsov wins face-off versus Artturi Lehkonen in neutral zone. 0:19 of 2nd period - Shot by Evgeny Kuznetsov. 0:19 of 2nd period - Stopped by John Gibson without a rebound. 0:20 of 2nd period - Paul Stastny wins face-off versus Auston Matthews in KANSAS CITY KILLERBEES zone. 0:20 of 2nd period - William Nylander is hit by Tyler Bertuzzi. 0:23 of 2nd period - Minor Penalty to Tyler Bertuzzi for High sticking. 0:24 of 2nd period - Sean Couturier wins face-off versus Auston Matthews in KELOWNA ROCKETS zone. 0:33 of 2nd period - Shot by Sean Couturier. 0:33 of 2nd period - Shot Blocked by Drew Doughty. 0:35 of 2nd period - Shot by Jacob Muzzin. 0:35 of 2nd period - Shot Misses the Net. 0:37 of 2nd period - Shot by Jacob Muzzin. 0:37 of 2nd period - Shot Misses the Net. 0:39 of 2nd period - Shot by Jacob Muzzin. 0:39 of 2nd period - Stopped by Tuukka Rask without a rebound. 0:40 of 2nd period - Auston Matthews wins face-off versus Paul Stastny in KELOWNA ROCKETS zone. 0:40 of 2nd period - Auston Matthews is hit by Mattias Janmark. 0:55 of 2nd period - Shot by William Nylander. 0:55 of 2nd period - Shot Misses the Net. 2:05 of 2nd period - Shot by Sean Couturier. 2:05 of 2nd period - Shot Blocked by Auston Matthews. 2:07 of 2nd period - Shot by Mark Stone. 2:07 of 2nd period - Shot Misses the Net. 2:09 of 2nd period - Shot by Mark Stone. 2:09 of 2nd period - Stopped by Tuukka Rask without a rebound. 2:10 of 2nd period - Sean Couturier wins face-off versus Anthony Cirelli in KELOWNA ROCKETS zone. 3:08 of 2nd period - Alexander Ovechkin is hit by Colin Miller and loses puck. 3:27 of 2nd period - Paul Stastny is hit by Nikita Zadorov and loses puck. 3:58 of 2nd period - Shot by William Nylander. 3:58 of 2nd period - Stopped by Tuukka Rask with a rebound. 4:30 of 2nd period - Shot by Mark Stone. 4:30 of 2nd period - Goal by Mark Stone - KANSAS CITY KILLERBEES : 2 - KELOWNA ROCKETS : 1. 4:31 of 2nd period - Auston Matthews wins face-off versus Sean Couturier in neutral zone. 4:42 of 2nd period - Shot by Auston Matthews. 4:42 of 2nd period - Shot Blocked by Sean Couturier. 5:08 of 2nd period - Minor Penalty to Cam Fowler for Tripping. 5:09 of 2nd period - Charlie Coyle wins face-off versus Evgeny Kuznetsov in KANSAS CITY KILLERBEES zone. 5:33 of 2nd period - Vladimir Tarasenko is hit by Jacob Muzzin and loses puck. 5:46 of 2nd period - Shot by Alexander Ovechkin. 5:46 of 2nd period - Shot Misses the Net. 5:48 of 2nd period - Shot by Drew Doughty. 5:48 of 2nd period - Stopped by John Gibson without a rebound. 5:49 of 2nd period - Pavel Buchnevich wins face-off versus Mattias Janmark in KANSAS CITY KILLERBEES zone. 6:52 of 2nd period - Shot by Evgeny Kuznetsov. 6:52 of 2nd period - Stopped by John Gibson without a rebound. 6:53 of 2nd period - Charlie Coyle wins face-off versus Evgeny Kuznetsov in KANSAS CITY KILLERBEES zone. 6:53 of 2nd period - Charlie Coyle is hit by Vladimir Tarasenko. 7:04 of 2nd period - Icing by Alexander Ovechkin. 7:05 of 2nd period - Charlie Coyle wins face-off versus Evgeny Kuznetsov in KELOWNA ROCKETS zone. 7:09 of 2nd period - Minor Penalty to Jonas Siegenthaler for Tripping. 7:10 of 2nd period - Auston Matthews wins face-off versus Sean Couturier in KELOWNA ROCKETS zone. 8:08 of 2nd period - Icing by William Nylander. 8:09 of 2nd period - Paul Stastny wins face-off versus Auston Matthews in KANSAS CITY KILLERBEES zone. 8:21 of 2nd period - Icing by Hampus Lindholm. 8:22 of 2nd period - Anthony Cirelli wins face-off versus Paul Stastny in KANSAS CITY KILLERBEES zone. 8:32 of 2nd period - Off-side. 8:33 of 2nd period - Auston Matthews wins face-off versus Sean Couturier in neutral zone. 8:40 of 2nd period - Shot by Auston Matthews. 8:40 of 2nd period - Stopped by John Gibson without a rebound. 8:41 of 2nd period - Sean Couturier wins face-off versus Auston Matthews in KANSAS CITY KILLERBEES zone. 8:41 of 2nd period - Sean Couturier is hit by Nick Bjugstad. 8:49 of 2nd period - Shot by Sean Couturier. 8:49 of 2nd period - Shot Misses the Net. 9:23 of 2nd period - Shot by William Nylander. 9:23 of 2nd period - Stopped by Tuukka Rask without a rebound. 9:24 of 2nd period - Auston Matthews wins face-off versus Tyler Ennis in KELOWNA ROCKETS zone. 9:29 of 2nd period - Shot by Pavel Buchnevich. 9:29 of 2nd period - Goal by Pavel Buchnevich - KANSAS CITY KILLERBEES : 2 - KELOWNA ROCKETS : 2. 9:30 of 2nd period - Sean Couturier wins face-off versus Auston Matthews in neutral zone. 9:32 of 2nd period - Mark Stone is hit by Pavel Buchnevich and loses puck. 9:38 of 2nd period - Off-side. 9:39 of 2nd period - Sean Couturier wins face-off versus Auston Matthews in neutral zone. 9:43 of 2nd period - Sean Couturier is hit by Jonas Siegenthaler. 9:46 of 2nd period - Mark Stone is hit by Dmitri Orlov and loses puck. 9:52 of 2nd period - Minor Penalty to Jonas Siegenthaler for Hooking. 9:53 of 2nd period - Auston Matthews wins face-off versus Paul Stastny in KELOWNA ROCKETS zone. 10:29 of 2nd period - Icing by Paul Stastny. 10:30 of 2nd period - Paul Stastny w